 Dungeon Crawl Stone Soup version 0.18.1-48-g4cf74bf (webtiles) character file.

1910 DrakoDako the Ruffian (level 8, -1/80 HPs)
             Began as a Troll Monk on July 11, 2016.
             Was a Priest of Makhleb.
             Slain by a hill giant
             ... wielding a +0 giant spiked club
              (12 damage)
             ... on level 10 of the Dungeon.
             The game lasted 00:16:31 (2659 turns).

DrakoDako the Ruffian (Troll Monk)                  Turns: 2659, Time: 00:16:32

Health: -1/80      AC:  6    Str: 21    XL:     8   Next: 94%
Magic:  16/16      EV: 13    Int: 11    God:    Makhleb [***...]
Gold:   46         SH:  4    Dex: 13    Spells: 2 memorised, 2 levels left

rFire  . . .     SeeInvis .       - Unarmed
rCold  . . .     Gourm    +     a - +1 robe
rNeg   . . .     Faith    .     (no shield)
rPois  .         Spirit   .     (helmet restricted)
rElec  .         Dismiss  .     (no cloak)
rCorr  .         Reflect  +     (gloves unavailable)
SustAt .         Harm     .     (boots unavailable)
MR     .....                    v - +4 amulet of reflection
Stlth  ++........               d - +5 ring of intelligence
                                p - ring of magical power

@: not resistant to hostile enchantments, unstealthy
A: unfitting armour, claws 3, fast metabolism 3, gourmand, regeneration 2,
shaggy fur 1, tough skin 2
a: Minor Destruction, Lesser Servant of Makhleb, Renounce Religion


You were on level 10 of the Dungeon.
You worshipped Makhleb.
Makhleb was most pleased with you.
You were not hungry.

You visited 2 branches of the dungeon, and saw 11 of its levels.

You collected 200 gold pieces.
You spent 154 gold pieces at shops.

Inventory:

Armour
 a - a +1 robe (worn)
Jewellery
 c - an uncursed amulet of rage
 d - a +5 ring of intelligence (right claw)
 n - an uncursed ring of resist corrosion
 p - a ring of magical power (left claw)
 s - a +3 ring of strength
 v - a +4 amulet of reflection (around neck)
Wands
 j - a wand of enslavement (6/24)
Scrolls
 f - 4 scrolls of remove curse
 m - 3 scrolls of teleportation
 o - a scroll of enchant weapon
Potions
 e - a potion of magic
 g - a potion of cancellation
 h - a potion of heal wounds {unknown}
 l - a potion of berserk rage {unknown}
Books
 x - a book of the Dragon

   Spells                             Type                      Level
   a - Flame Tongue                   Conjuration/Fire             1
   b - Cause Fear                     Hexes                        4
   c - Bolt of Fire                   Conjuration/Fire             6
   d - Dragon Form                    Transmutation                7
   e - Dragon's Call                  Summoning                    9
Miscellaneous
 k - a plain deck of summoning {drawn: 2}
Comestibles
 b - 2 bread rations
 i - a beef jerky
 t - a fruit


   Skills:
 + Level 5.0 Fighting
 + Level 6.7 Dodging
 + Level 2.2 Stealth
 + Level 7.5 Unarmed Combat
 + Level 0.5 Evocations


You had 2 spell levels left.
You knew the following spells:

 Your Spells              Type           Power        Failure   Level  Hunger
a - Cause Fear            Hex            #.........   100%        4    #####..
b - Flame Tongue          Conj/Fire      #....        34%         1    ##.....


Dungeon Overview and Level Annotations

Branches:
Dungeon (10/15)            Temple (1/1) D:4
   Lair: D:8-11         Orc: D:9-12

Altars:
Ashenzari
Dithmenos
Elyvilon
Fedhas
Makhleb
Nemelex Xobeh
Okawaru
Ru
Sif Muna
Vehumet
Xom

Shops:
D:9 *


Innate Abilities, Weirdness & Mutations

You are too large for most types of armour.
You have claws for hands.
Your metabolism is lightning-fast.
You like to eat raw meat.
You heal very quickly.
You are covered in fur (AC +1).
You have very tough skin (AC +2).


Message History

You see here a scale mail.
The hill giant barely misses you.
The hill giant hits you with a giant spiked club!!
There is a stone staircase leading up here.
The hill giant hits you with a giant spiked club!
You climb upwards.
There is a stone staircase leading down here.
You block the hill giant's attack.
You climb downwards.
There is a stone staircase leading up, spattered with blood here.
You mangle the hill giant!!
The hill giant is moderately wounded.
You barely miss the hill giant.
The hill giant is moderately wounded.
The hill giant hits you with a giant spiked club!!
* * * LOW HITPOINT WARNING * * *
You scratch the hill giant.
The hill giant is moderately wounded.
The hill giant hits you with a giant spiked club!
You die...

##### ##### .... ....
#..# #..# #..# #..#
#..# #..# #.#
#..###C.####.# #.##
#..# #.....@..>....
...# #..#
##.###........ #..#
#..# #.# #.#####.#
#..###..#
##.###.#####.#
........#
#.............
##.....#
#..###.##.####
##.....####........ #
....[.......###.....#
##.....###### #.###.#


You could see a hill giant.

Vanquished Creatures
  A gargoyle (D:10)
  2 two-headed ogres
  A sky beast (D:5)
  2 ogres (D:5)
  A centaur (D:9)
  3 giant frogs
  A scorpion (D:9)
  2 crimson imps
  A centaur zombie (D:8)
  A jelly (D:8)
  A centaur skeleton (D:8)
  3 hounds
  2 orc priests (D:8)
  A giant frog skeleton (D:4)
  An orc wizard (D:8)
  An iguana (D:9)
  2 worker ants
  A howler monkey zombie (D:7)
  4 gnolls (D:6)
  6 adders
  An ooze (D:2)
  2 worms
  A dart slug (D:1)
  4 giant geckos
  3 orcs
  5 giant cockroaches
  A goblin (D:1)
  2 hobgoblins
  10 jackals
  7 kobolds
  A bat (D:2)
  2 giant cockroach zombies (D:1)
  3 giant newts
  A quokka skeleton (D:5)
  A rat (D:1)
81 creatures vanquished.

Vanquished Creatures (collateral kills)
  A sky beast (D:9)
1 creature vanquished.

Grand Total: 82 creatures vanquished

Notes
Turn   | Place    | Note
--------------------------------------------------------------
     0 | D:1      | DrakoDako the Troll Monk began the quest for the Orb.
     0 | D:1      | Reached XP level 1. HP: 22/22 MP: 0/0
   157 | D:1      | Reached XP level 2. HP: 28/29 MP: 1/1
   362 | D:2      | Reached XP level 3. HP: 32/36 MP: 2/2
   365 | D:2      | Found a radiant altar of Vehumet.
   409 | D:2      | Found a shattered altar of Ashenzari.
   569 | D:2      | Reached skill level 5 in Unarmed Combat
   918 | D:3      | Reached XP level 4. HP: 44/44 MP: 3/3
  1144 | D:4      | Found a staircase to the Ecumenical Temple.
  1150 | Temple   | Entered the Ecumenical Temple
  1233 | Temple   | Became a worshipper of Makhleb the Destroyer
  1233 | Temple   | Reached * piety under Makhleb
  1233 | Temple   | Reached ** piety under Makhleb
  1388 | D:4      | Reached XP level 5. HP: 50/50 MP: 4/4
  1470 | D:5      | Entered Level 5 of the Dungeon
  1492 | D:5      | Noticed an ogre
  1508 | D:5      | Killed an ogre
  1527 | D:5      | Reached XP level 6. HP: 27/61 MP: 5/5
  1582 | D:5      | Noticed a sky beast
  1594 | D:5      | Killed a sky beast
  1744 | D:6      | Reached skill level 6 in Unarmed Combat
  1782 | D:6      | Reached XP level 7. HP: 65/67 MP: 6/6
  1958 | D:8      | Noticed a two-headed ogre
  2027 | D:8      | Reached skill level 5 in Dodging
  2083 | D:8      | Reached *** piety under Makhleb
  2164 | D:8      | Learned a level 4 spell: Cause Fear
  2166 | D:8      | Learned a level 1 spell: Flame Tongue
  2177 | D:8      | Killed a two-headed ogre
  2177 | D:8      | Reached XP level 8. HP: 46/78 MP: 7/7
  2208 | D:9      | Found a white marble altar of Elyvilon.
  2216 | D:9      | Noticed a two-headed ogre
  2269 | D:9      | Killed a two-headed ogre
  2344 | D:9      | Found Ufant's General Store.
  2375 | D:9      | Bought a plain deck of summoning for 154 gold pieces
  2423 | D:9      | Reached skill level 7 in Unarmed Combat
  2531 | D:9      | Found a shadowy altar of Dithmenos.
  2531 | D:9      | Found a sacrificial altar of Ru.
  2568 | D:10     | Entered Level 10 of the Dungeon
  2584 | D:10     | Noticed a gargoyle
  2596 | D:10     | Killed a gargoyle
  2596 | D:10     | Reached skill level 5 in Fighting
  2619 | D:10     | Noticed a hill giant
  2659 | D:10     | Slain by a hill giant

Skill      XL: |  1  2  3  4  5  6  7  8 |
---------------+-------------------------+-----
Unarmed Combat | 5 6 7 |  7.5
Dodging        | 3 4 5 6 |  6.7
Fighting       | 3 4 5 |  5.0
Stealth        | 2 |  2.2
Evocations     | |  0.5

Action                   |  1- 3 |  4- 6 |  7- 9 || total
-------------------------+-------+-------+-------++-------
Melee: Unarmed           |    86 |    86 |   111 ||   283
       Punch             |     1 |     1 |     2 ||     4
Evoke: Wand              |       |       |     6 ||     6
       Deck              |       |       |     2 ||     2
  Use: Scroll            |     4 |     4 |     9 ||    17
       Potion            |       |     2 |     3 ||     5
 Stab: Sleeping          |     1 |     1 |     1 ||     3
       Distracted        |       |     1 |       ||     1
  Eat: Chunk             |     1 |    13 |       ||    14
       Bread ration      |     1 |       |       ||     1
       Beef jerky        |       |     1 |       ||     1
       Fruit             |       |       |     2 ||     2
Armor: Robe              |    47 |    27 |    28 ||   102
Dodge: Dodged            |    70 |    56 |    63 ||   189
Block: Other             |       |       |    20 ||    20
       Reflection        |       |       |     1 ||     1
